[Event "ICC tourney 2416 (40 10)"]
[Site "Internet Chess Club"]
[Date "2021.02.28"]
[Round "4"]
[White "KURBANOV, ABROR:Abror"]
[Black "Kashyap, Mahati B:mnm1"]
[Result "1/2-1/2"]
[ICCResult "Game drawn by mutual agreement"]
[WhiteElo "1635"]
[BlackElo "1501"]
[Opening "Sicilian: Boleslavsky variation, 7.Nb3"]
[ECO "B59"]
[NIC "SI.25"]
[Time "17:46:48"]
[PlyCount "110"]
[TimeControl "2400+10"]

1. e4 c5 2. Nf3 d6 3. d4 cxd4 4. Nxd4 Nf6 5. Nc3 Nc6 6. Be2 e5 7. Nb3 Be7
8. Bg5 Be6 9. Bxf6 Bxf6 10. Nd5 Bg5 11. O-O O-O 12. c3 Ne7 13. Bc4 Rc8 14.
Nxe7+ Qxe7 15. Bd5 b6 16. Qd3 h6 17. Rad1 Rfd8 18. h3 Qd7 19. Na1 Qe7 20.
Nc2 Qd7 21. Nb4 Bf4 22. Nc2 Bg5 23. Ne3 g6 24. Kh2 Bf4+ 25. g3 Bg5 26. h4
Bf6 27. Rd2 h5 28. Bxe6 Qxe6 29. Nd5 Bg7 30. Rfd1 Kh7 31. Ne3 Qxa2 32. Qb5
Qe6 33. Rd5 Qf6 34. Kg2 Rc5 35. Qa4 Qe7 36. Rxc5 bxc5 37. Ra1 Rd7 38. Nd5
Qe6 39. Qc6 f5 40. f3 fxe4 41. fxe4 Rf7 42. Rf1 Rxf1 43. Kxf1 Qh3+ 44. Kf2
Qh2+ 45. Kf3 Qh1+ 46. Kf2 Qh2+ 47. Kf3 Qxb2 48. Qd7 Kh6 49. Qxa7 Qc1 50.
Qa6 Qh1+ 51. Ke3 Qg2 52. Qxd6 Qxg3+ 53. Kd2 Qf2+ 54. Kd3 Qf1+ 55. Ke3 Qe1+
{ Game drawn by mutual agreement } 1/2-1/2

[Event "ICC tourney 2416 (40 10)"]
[Site "Internet Chess Club"]
[Date "2021.02.28"]
[Round "4"]
[White "GILLSTON, NOAH:Noahchess328"]
[Black "Kashyap, Manish B:mnm2"]
[Result "0-1"]
[ICCResult "White checkmated"]
[WhiteElo "1615"]
[BlackElo "1545"]
[Opening "Sicilian: Smith-Morra gambit"]
[ECO "B21"]
[NIC "SI.48"]
[Time "17:47:32"]
[PlyCount "138"]
[TimeControl "2400+10"]

1. e4 c5 2. d4 cxd4 3. c3 dxc3 4. Nxc3 Nc6 5. Nf3 d6 6. Bc4 e6 7. O-O Be7
8. Qe2 Nf6 9. Rd1 e5 10. Bb5 Bd7 11. Bg5 O-O 12. Bxf6 gxf6 13. Nd5 f5 14.
Bd3 f4 15. Rac1 Kh8 16. b4 Bg4 17. Qb2 Bxf3 18. gxf3 Rg8+ 19. Kh1 f6 20.
Bc4 Rg7 21. Rg1 Rg6 22. Rxg6 hxg6 23. Rg1 g5 24. Qa1 Nd4 25. Qd1 Qd7 26.
Rg4 Kg7 27. Nxf4 exf4 28. Qxd4 Kg6 29. Qd5 Rf8 30. Bd3 Kg7 31. Qd4 Kh6 32.
Qxa7 Rc8 33. Qa3 d5 34. Qb3 dxe4 35. Be2 Qd2 36. Bf1 Qxf2 37. Rg1 Rc2 38.
Bg2 exf3 39. Qxf3 Qxf3 40. Bxf3 Bxb4 41. Rb1 Bd6 42. Rxb7 Rxa2 43. Be4 Kh5
44. h3 Kh4 45. Rh7+ Kg3 46. Rb7 Kxh3 47. Bf5+ Kg3 48. Rb3+ f3 49. Kg1 Ra1+
50. Rb1 Rxb1+ 51. Bxb1 Bc5+ 52. Kf1 f2 53. Be4 Kf4 54. Bf3 g4 55. Be2 g3
56. Kg2 f5 57. Bd3 Kg4 58. Be2+ Kh4 59. Bd3 f4 60. Be2 Kg5 61. Bf1 Kf5 62.
Bd3+ Ke5 63. Kf3 Bd6 64. Bf1 Kd4 65. Be2 Kc3 66. Kg2 Kd2 67. Bc4 Ke3 68.
Kf1 f3 69. Bf7 g2# { White checkmated } 0-1

[Event "ICC tourney 2416 (40 10)"]
[Site "Internet Chess Club"]
[Date "2021.02.28"]
[Round "5"]
[White "Rodriguez, Eduardo A:EduardoNASA"]
[Black "ZHOU, ZIQI:zappower"]
[Result "1-0"]
[ICCResult "Black resigns"]
[WhiteElo "1807"]
[BlackElo "1429"]
[Opening "Evans gambit"]
[ECO "C52"]
[NIC "IG.05"]
[Time "20:01:21"]
[PlyCount "59"]
[TimeControl "2400+10"]

1. e4 e5 2. Nf3 Nc6 3. Bc4 Bc5 4. b4 Bxb4 5. c3 Ba5 6. d4 exd4 7. O-O Nge7
8. Ng5 d5 9. exd5 Nxd5 10. Nxf7 Kxf7 11. Qf3+ Qf6 12. Bxd5+ Be6 13. Bxc6
bxc6 14. Qh5+ Qg6 15. Qxa5 Bd5 16. Qxc7+ Kf8 17. Ba3+ Kg8 18. Qg3 dxc3 19.
Nxc3 Re8 20. Nxd5 cxd5 21. Qb3 Qe4 22. Rad1 Rd8 23. Rfe1 Qf5 24. Re7 h6 25.
Bb2 Rh7 26. Rxa7 Kh8 27. Qb6 Rf8 28. Rxg7 Rxg7 29. Qxh6+ Qh7 30. Bxg7+ {
Black resigns } 1-0

[Event "ICC tourney 2416 (40 10)"]
[Site "Internet Chess Club"]
[Date "2021.02.28"]
[Round "5"]
[White "JONES, RICHARD S:weakfish"]
[Black "HEBBAR, ESHAAN:solveur"]
[Result "0-1"]
[ICCResult "White resigns"]
[WhiteElo "1567"]
[BlackElo "1560"]
[Opening "Ruy Lopez: 5.O-O"]
[ECO "C78"]
[NIC "RL.12"]
[Time "20:02:50"]
[PlyCount "102"]
[TimeControl "2400+10"]

1. e4 e5 2. Nf3 Nc6 3. Bb5 a6 4. Ba4 Nf6 5. O-O b5 6. Bb3 Bc5 7. d3 h6 8.
Nc3 O-O 9. h3 d6 10. a3 Bb7 11. Be3 Nd4 12. Bxd4 Bxd4 13. Nxd4 exd4 14. Ne2
c5 15. Ng3 Re8 16. Qf3 Qc7 17. Nf5 d5 18. Nxh6+ Kh7 19. Ng4 Nxg4 20. Qxg4
c4 21. dxc4 dxc4 22. Ba2 Rxe4 23. Qh5+ Kg8 24. Rfe1 Qc6 25. f3 Rxe1+ 26.
Rxe1 Re8 27. Rxe8+ Qxe8 28. Qh4 Qd7 29. Qf4 Bc6 30. Kf2 d3 31. cxd3 Qxd3
32. Qe3 Qc2+ 33. Qe2 Qc1 34. Qe7 Qxb2+ 35. Kg3 Qxa2 36. Qd8+ Kh7 37. Qh4+
Kg6 38. Qg4+ Kf6 39. Qf4+ Ke6 40. Qg4+ Ke7 41. Qg5+ Kd7 42. Qf5+ Kc7 43.
Qxf7+ Kb6 44. Qxg7 Qxa3 45. Qd4+ Qc5 46. Qxc5+ Kxc5 47. Kf2 c3 48. Ke2 Kc4
49. h4 c2 50. Kd2 Kb3 51. h5 Kb2 { White resigns } 0-1

[Event "ICC tourney 2416 (40 10)"]
[Site "Internet Chess Club"]
[Date "2021.02.28"]
[Round "5"]
[White "SULTAN, BASHIR CISSE:muzikmixer"]
[Black "Xia, Joshua:MathMonkey"]
[Result "0-1"]
[ICCResult "White resigns"]
[WhiteElo "1579"]
[BlackElo "1332"]
[Opening "English, 1...Nf6 (Anglo-Indian defense)"]
[ECO "A15"]
[NIC "EO.64"]
[Time "20:01:21"]
[PlyCount "90"]
[TimeControl "2400+10"]

1. c4 Nf6 2. g3 g6 3. Nf3 Bg7 4. Bg2 O-O 5. Nc3 d5 6. cxd5 Nxd5 7. e4 Nxc3
8. dxc3 Qxd1+ 9. Kxd1 Nc6 10. Kc2 Be6 11. Rd1 Rfd8 12. Bf4 Bc4 13. Bf1 Bxf1
14. Rxf1 e5 15. Bg5 f6 16. Be3 Rd7 17. Rad1 Rad8 18. Rxd7 Rxd7 19. Rd1 Rxd1
20. Kxd1 Kf7 21. g4 g5 22. Kc2 Kg6 23. Kd3 h5 24. h3 hxg4 25. hxg4 Bf8 26.
Kc4 Bd6 27. Nd2 Kf7 28. b4 Ke6 29. Nb3 a6 30. a4 Ne7 31. b5 axb5+ 32. Kxb5
Kd7 33. Bc5 Nc8 34. Be3 c6+ 35. Kc4 Ne7 36. Na5 Kc7 37. Nb3 Ng8 38. a5 Nh6
39. f3 Ng8 40. Nc5 Ne7 41. Ne6+ Kd7 42. Ng7 Ng6 43. Nh5 Be7 44. Bc5 Bd8 45.
Kb4 Nh4 { White resigns } 0-1

[Event "ICC tourney 2416 (40 10)"]
[Site "Internet Chess Club"]
[Date "2021.02.28"]
[Round "5"]
[White "TIONG, RACHAEL:rachael1120"]
[Black "LIAO, CAITLIN:che8642"]
[Result "1-0"]
[ICCResult "Black resigns"]
[WhiteElo "1634"]
[BlackElo "1548"]
[Opening "Sicilian"]
[ECO "B56"]
[NIC "SI.25"]
[Time "20:02:27"]
[PlyCount "53"]
[TimeControl "2400+10"]

1. e4 c5 2. Nf3 d6 3. d4 cxd4 4. Nxd4 Nf6 5. Nc3 Nc6 6. Be3 Bd7 7. Bc4 e6
8. Bb3 a6 9. f3 Be7 10. Qd2 Qc7 11. g4 O-O-O 12. Qf2 Be8 13. O-O-O Nd7 14.
Bxe6 Nxd4 15. Bxd7+ Bxd7 16. Bxd4 Bf8 17. Bb6 Qc6 18. Bxd8 Kxd8 19. Nd5 Be6
20. Rd3 Bxd5 21. exd5 Qd7 22. Rc3 Qb5 23. Qa7 Kd7 24. Qb8 Qxd5 25. Re1 Qg5+
26. Kb1 Qd8 27. Qxb7+ { Black resigns } 1-0

[Event "ICC tourney 2416 (40 10)"]
[Site "Internet Chess Club"]
[Date "2021.02.28"]
[Round "5"]
[White "XU, ANDY YUEDUO:sillytiger"]
[Black "MISRA, PRAGYAN:SoaringHawk24"]
[Result "0-1"]
[ICCResult "White checkmated"]
[WhiteElo "1463"]
[BlackElo "1441"]
[Opening "English: Carls' Bremen system"]
[ECO "A22"]
[NIC "EO.10"]
[Time "20:05:53"]
[PlyCount "70"]
[TimeControl "2400+10"]

1. c4 e5 2. Nc3 Nf6 3. g3 d6 4. Bg2 Nc6 5. Nf3 Be7 6. O-O O-O 7. d3 Bg4 8.
h3 Be6 9. Rb1 Qd7 10. Kh2 d5 11. cxd5 Nxd5 12. Ne4 Nf6 13. Nxf6+ Bxf6 14.
a3 Rad8 15. Bg5 Bxg5 16. Nxg5 Bd5 17. Ne4 f5 18. Nc5 Qe7 19. Bxd5+ Rxd5 20.
Qb3 Qxc5 21. e4 fxe4 22. dxe4 Rxf2+ 23. Rxf2 Qxf2+ 24. Kh1 Kh8 25. exd5 Nd4
26. Qxb7 Qf3+ 27. Kh2 Qe2+ 28. Kh1 Qe4+ 29. Kh2 Qc2+ 30. Kh1 Qxb1+ 31. Kg2
Qc2+ 32. Kh1 Qd1+ 33. Kg2 Qe2+ 34. Kh1 Qf1+ 35. Kh2 Nf3# { White checkmated
} 0-1

[Event "ICC tourney 2416 (40 10)"]
[Site "Internet Chess Club"]
[Date "2021.02.28"]
[Round "5"]
[White "Kashyap, Manish B:mnm2"]
[Black "RAJU, YAKSHWAG REDDY:Yakshwag"]
[Result "1-0"]
[ICCResult "Black resigns"]
[WhiteElo "1545"]
[BlackElo "1382"]
[Opening "Sicilian defense"]
[ECO "B44"]
[NIC "SI.39"]
[Time "20:02:22"]
[PlyCount "68"]
[TimeControl "2400+10"]

1. e4 c5 2. Nf3 e6 3. d4 cxd4 4. Nxd4 Nc6 5. c4 a6 6. Nc3 Qc7 7. Be3 Nf6 8.
f3 Be7 9. Be2 O-O 10. O-O d6 11. Qd2 Bd7 12. Rac1 Rac8 13. Rfd1 Rfd8 14. a4
Nxd4 15. Bxd4 e5 16. Be3 Be6 17. Nd5 Bxd5 18. cxd5 Qd7 19. a5 Ne8 20. Bb6
Nc7 21. Rc2 Rf8 22. Rdc1 h6 23. Rxc7 Bg5 24. Rxd7 Bxd2 25. Rxc8 Rxc8 26.
Rd8+ Rxd8 27. Bxd8 Be3+ 28. Kf1 f6 29. Bc7 Bc5 30. Ke1 Kf7 31. Kd2 Kg6 32.
Kc3 Bg1 33. Bxd6 Bxh2 34. Bc5 Kf7 { Black resigns } 1-0

[Event "ICC tourney 2416 (40 10)"]
[Site "Internet Chess Club"]
[Date "2021.02.28"]
[Round "5"]
[White "ZOU, KEVIN GAOMING:lmperfectFocus"]
[Black "KURBANOV, ABROR:Abror"]
[Result "0-1"]
[ICCResult "White resigns"]
[WhiteElo "1582"]
[BlackElo "1635"]
[Opening "Sicilian: Alapin's variation (2.c3)"]
[ECO "B22"]
[NIC "SI.46"]
[Time "20:01:24"]
[PlyCount "140"]
[TimeControl "2400+10"]

1. e4 c5 2. c3 d5 3. exd5 Qxd5 4. Na3 a6 5. Bc4 Qxg2 6. Qf3 Qxf3 7. Nxf3
Nf6 8. d4 e6 9. Bf4 Nc6 10. O-O-O cxd4 11. cxd4 Bxa3 12. bxa3 b5 13. Bb3
Bb7 14. d5 Nd8 15. Rhe1 O-O 16. Ng5 h6 17. Nh3 exd5 18. Be5 Rc8+ 19. Kb2
Ne6 20. Bxf6 gxf6 21. Bxd5 Bxd5 22. Rxd5 Rc4 23. Rc1 Rxc1 24. Kxc1 Rc8+ 25.
Kb2 Rc4 26. Rd3 Nf4 27. Rg3+ Kh7 28. Ng1 Re4 29. Rc3 Ne2 30. Nxe2 Rxe2+ 31.
Rc2 Re6 32. Kb3 Kg6 33. Rc5 f5 34. f4 f6 35. Rc3 Kh5 36. h3 Re4 37. Rf3 Kg6
38. Kc3 Kf7 39. Kb3 Ke6 40. Kb2 Kd5 41. Kb3 Kd4 42. Kb4 Kd5+ 43. Kb3 a5 44.
Rd3+ Rd4 45. Rf3 Ke4 46. Rc3 Rd3 47. Rxd3 Kxd3 48. a4 b4 49. a3 bxa3 50.
Kxa3 Kc3 51. Ka2 Kb4 52. Kb2 Kxa4 53. Ka2 Kb4 54. Kb2 a4 55. Ka2 Kc4 56.
Ka3 Kd4 57. Kxa4 Ke4 58. Kb3 Kxf4 59. Kc2 Kg3 60. Kd2 f4 61. Ke2 Kg2 62. h4
f3+ 63. Ke3 f2 64. h5 f1=Q 65. Ke4 f5+ 66. Ke5 f4 67. Ke4 f3 68. Ke3 Qe2+
69. Kd4 f2 70. Kc3 f1=Q { White resigns } 0-1

[Event "ICC tourney 2416 (40 10)"]
[Site "Internet Chess Club"]
[Date "2021.02.28"]
[Round "5"]
[White "Kashyap, Mahati B:mnm1"]
[Black "KONG, MILO JAMES:therealkingkong"]
[Result "1-0"]
[ICCResult "Black resigns"]
[WhiteElo "1501"]
[BlackElo "1570"]
[Opening "French defense"]
[ECO "C01"]
[NIC "FR.01"]
[Time "20:01:36"]
[PlyCount "123"]
[TimeControl "2400+10"]

1. e4 e6 2. d4 b6 3. Bf4 Bb7 4. Nc3 Bb4 5. Ne2 Bxe4 6. a3 Bxc3+ 7. Nxc3 Bb7
8. Qg4 Kf8 9. O-O-O Nf6 10. Qh4 d5 11. Nb5 Na6 12. Qg3 Rc8 13. Nxa7 Ra8 14.
Bxa6 Rxa7 15. Bxc7 Qd7 16. Bxb7 Rxb7 17. Bd6+ Kg8 18. Be5 Qe7 19. Rd3 h6
20. Rf3 Nh5 21. Qg4 Qg5+ 22. Qxg5 hxg5 23. h4 g4 24. Re3 Nf6 25. Bxf6 gxf6
26. Rg3 f5 27. f3 Kf8 28. fxg4 fxg4 29. Rxg4 Rg8 30. Rxg8+ Kxg8 31. g4 Kg7
32. Kd2 Rb8 33. Ke3 b5 34. Kd3 Rc8 35. c3 Kg6 36. Kc2 Rh8 37. Kb3 Kh6 38.
Kb4 Rb8 39. Kc5 Rc8+ 40. Kd6 Kg6 41. Ke7 Rc7+ 42. Kd6 Rc8 43. Kd7 Ra8 44.
h5+ Kh6 45. Ke7 Ra7+ 46. Kf6 Kh7 47. g5 Kh8 48. g6 fxg6 49. hxg6+ Kg8 50.
Kxe6 Rg7 51. Rg1 Kf8 52. Kxd5 Rc7 53. Kd6 Rb7 54. Kc6 Rb8 55. g7+ Kg8 56.
d5 Rd8 57. d6 Ra8 58. d7 Ra6+ 59. Kc7 Ra7+ 60. Kd8 Ra8+ 61. Ke7 Ra7 62. Ke8
{ Black resigns } 1-0

[Event "ICC tourney 2416 (40 10)"]
[Site "Internet Chess Club"]
[Date "2021.02.28"]
[Round "5"]
[White "BRAHMANAPALLY, SARVAGNYA:bsarvagnya"]
[Black "LIAO, CONNOR:che2468"]
[Result "0-1"]
[ICCResult "White forfeits on time"]
[WhiteElo "1357"]
[BlackElo "1465"]
[Opening "Sicilian"]
[ECO "B56"]
[NIC "SI.25"]
[Time "20:05:05"]
[PlyCount "48"]
[TimeControl "2400+10"]

1. e4 c5 2. Nf3 d6 3. d4 cxd4 4. Nxd4 Nf6 5. Nc3 Nc6 6. Bb5 Bd7 7. Bg5 h6
8. Bh4 a6 9. Bc4 e6 10. O-O Be7 11. Bg3 O-O 12. Nxc6 Bxc6 13. Re1 Rc8 14.
Qe2 Qb6 15. Rad1 Qxb2 16. Bxd6 Bxd6 17. Rxd6 Qxc3 18. Bb3 Nxe4 19. Rd3 Qf6
20. Rf3 Qg6 21. c3 Nxc3 22. Qe3 Bxf3 23. Qxf3 Rfd8 24. h3 Qd3 { White
forfeits on time } 0-1

[Event "ICC tourney 2416 (40 10)"]
[Site "Internet Chess Club"]
[Date "2021.02.28"]
[Round "5"]
[White "YUAN, SERENA:doudou2011"]
[Black "MOERLIEN, PUWIT SKY:SuperBlueSky"]
[Result "1/2-1/2"]
[ICCResult "Game drawn by repetition"]
[WhiteElo "1505"]
[BlackElo "1585"]
[Opening "Catalan: closed, 5.Nf3"]
[ECO "E06"]
[NIC "CA.04"]
[Time "20:01:21"]
[PlyCount "104"]
[TimeControl "2400+10"]

1. d4 d5 2. Nf3 Nf6 3. c4 e6 4. g3 Be7 5. Bg2 O-O 6. O-O c6 7. b3 b6 8. Bb2
Bb7 9. Nbd2 Nbd7 10. Rc1 c5 11. e3 Rc8 12. Ne5 Qc7 13. Nxd7 Qxd7 14. Nf3
Rfd8 15. Ne5 Qc7 16. Qe2 Qb8 17. Rfd1 Bd6 18. cxd5 exd5 19. Nf3 Ne4 20. Nd2
Nxd2 21. Qxd2 Be7 22. Bh3 Rc6 23. Qe2 Bc8 24. Bxc8 Qxc8 25. Qh5 Qe6 26.
dxc5 bxc5 27. Qe5 Qxe5 28. Bxe5 f6 29. Bb2 Kf7 30. Rd2 Ke6 31. Rcd1 Rcc8
32. Kg2 c4 33. bxc4 dxc4 34. Bc3 Rxd2 35. Rxd2 Rd8 36. Rxd8 Bxd8 37. Kf3
Kd5 38. e4+ Kc5 39. Ke3 Kb5 40. f4 Bb6+ 41. Kf3 Kc5 42. a4 a6 43. e5 Bd8
44. Ke4 fxe5 45. fxe5 g6 46. g4 Bg5 47. h3 Be7 48. Ba5 Bg5 49. Bc3 Be7 50.
Ba5 Bg5 51. Bc3 Be7 52. Ba5 Bg5 { Game drawn by repetition } 1/2-1/2

[Event "ICC tourney 2416 (40 10)"]
[Site "Internet Chess Club"]
[Date "2021.02.28"]
[Round "5"]
[White "WU, JONATHAN ZUANXU:wulovechess"]
[Black "Kannan, Aadhi M:niftyfountain"]
[Result "1/2-1/2"]
[ICCResult "Game drawn by mutual agreement"]
[WhiteElo "1542"]
[BlackElo "1330"]
[Opening "Sicilian: Sozin, Leonhardt variation"]
[ECO "B88"]
[NIC "SI.26"]
[Time "20:01:26"]
[PlyCount "120"]
[TimeControl "2400+10"]

1. e4 c5 2. Nf3 d6 3. d4 cxd4 4. Nxd4 Nf6 5. Nc3 Nc6 6. Bc4 e6 7. Bg5 Be7
8. O-O O-O 9. Bb3 a6 10. Kh1 Bd7 11. f4 Nxd4 12. Qxd4 Bc6 13. Rae1 h6 14.
Bh4 Nd7 15. Bxe7 Qxe7 16. e5 dxe5 17. fxe5 Qc5 18. Qd6 Qxd6 19. exd6 Rfd8
20. Ne4 Bxe4 21. Rxe4 Nc5 22. Ref4 Rd7 23. g3 Nxb3 24. cxb3 f6 25. Rg4 Kf7
26. Kg2 Rxd6 27. Rc1 Rd7 28. Kf3 Rad8 29. Rgc4 Rd3+ 30. Kg4 R3d4+ 31. Rxd4
Rxd4+ 32. Kh5 Rd5+ 33. Kg4 Rd4+ 34. Kh3 Rd7 35. Rc2 e5 36. a3 Ke6 37. Kg4
Kf7 38. Kh5 Re7 39. Rc4 Rd7 40. Kg4 Ke6 41. Rc8 Kf7 42. Rb8 Rc7 43. Kf5 Rd7
44. Ke4 Rd4+ 45. Ke3 Rd7 46. a4 Ke7 47. Rg8 Kf7 48. Rb8 Ke7 49. b4 Kf7 50.
b5 a5 51. h4 Ke7 52. Rg8 Kf7 53. Rc8 Ke7 54. h5 Kf7 55. Rc5 Ke6 56. Rc8 Kf7
57. b6 Ke7 58. Ke4 Ke6 59. b3 Rd4+ 60. Ke3 Rd7 { Game drawn by mutual
agreement } 1/2-1/2

[Event "ICC tourney 2416 (40 10)"]
[Site "Internet Chess Club"]
[Date "2021.02.28"]
[Round "5"]
[White "SAXENA, VIHAAN:vihaan2011"]
[Black "GILLSTON, NOAH:Noahchess328"]
[Result "1/2-1/2"]
[ICCResult "Game drawn because neither player has mating material"]
[WhiteElo "1334"]
[BlackElo "1615"]
[Opening "French: Steinitz variation"]
[ECO "C11"]
[NIC "FR.04"]
[Time "20:01:27"]
[PlyCount "161"]
[TimeControl "2400+10"]

1. e4 e6 2. d4 d5 3. Nc3 Nf6 4. e5 Nfd7 5. Nf3 c5 6. Ne2 Nc6 7. c3 Be7 8.
Ng3 O-O 9. Bd3 b6 10. O-O Bb7 11. Qc2 h6 12. Be3 Rc8 13. Qd2 cxd4 14. cxd4
Bb4 15. Qe2 Re8 16. a3 Bf8 17. Rac1 Na5 18. Rxc8 Qxc8 19. Rc1 Qb8 20. b4
Nc6 21. Bb5 Qa8 22. Qc2 Rc8 23. Qd3 a6 24. Bxc6 Rxc6 25. Rxc6 Bxc6 26. Qc3
Qc8 27. Nf1 Bb7 28. Qxc8 Bxc8 29. N1d2 b5 30. Nb3 Nb6 31. Nc5 Nc4 32. Bc1
Be7 33. Kf1 Kf8 34. Nd2 Ke8 35. Nxc4 dxc4 36. Bb2 Kd8 37. Bc3 Kc7 38. Ke2
Kc6 39. Ke3 Kd5 40. f4 g5 41. g3 f6 42. exf6 Bxf6 43. Ne4 gxf4+ 44. gxf4
Be7 45. Ng3 a5 46. Ne4 axb4 47. axb4 Bd7 48. Ng3 Be8 49. Ne4 Bg6 50. Nf2
Bh4 51. Ng4 h5 52. Ne5 Bc2 53. Nf3 Bf6 54. Ne5 Kd6 55. Nf7+ Ke7 56. Ne5 Bg7
57. Kf3 Kf6 58. d5 Bd1+ 59. Ke3 Kf5 60. d6 Bh6 61. Ng6 e5 62. Bxe5 Ke6 63.
Kd4 Bc2 64. Nh4 Bf8 65. f5+ Kd7 66. Kc5 Bd3 67. Bf4 Bg7 68. Kxb5 c3+ 69.
Ka4 c2 70. Kb3 Bf6 71. Nf3 Bxf5 72. Ne1 Be5 73. Bd2 Bxd6 74. Nxc2 Bxc2+ 75.
Kxc2 Bxh2 76. Kd3 h4 77. Ke4 Bg3 78. Kf3 Kc6 79. Kg4 Kb5 80. Bg5 Kxb4 81.
Bxh4 { Game drawn because neither player has mating material } 1/2-1/2